Map: Cyber Forest LE

Players

Balu - Winner!

  • Race: Protoss Protoss
  • League: Gold
  • Spawn Location: 5:00

Madcoat

  • Race: Protoss Protoss
  • League: Gold
  • Spawn Location: 11:00

VOD

Have the link to the VOD?

Description

Time

  • Played on: Feb. 21, 2019, 9:33 p.m.
  • Length: 14:27
Show
View Real Time Build Order
Export as new Build Order

Balu Protoss - Winner!

Build Orders: Archon Immortal 

Get SALT Encoding   

  12  0:01  Probe  
  13  0:13  Probe  
  14  0:19  Pylon  
  14  0:25  Probe  
  15  0:37  Probe  
  15  0:38  Gateway  
  16  0:45  Probe  
  17  0:55  Probe  
  17  1:03  Assimilator  
  18  1:07  Probe  
  19  1:14  Assimilator  
  19  1:16  Assimilator  
  19  1:19  Probe  
  20  1:27  Cybernetics Core  
  20  1:31  Probe  
  21  1:37  Pylon  
  21  1:52  Probe  
  22  2:06  Warp Gate, Nexus  
  22  2:15  Stalker  
  24  2:20  Probe  
  25  2:32  Probe  
  26  2:40  Gateway  
  26  2:42  Stalker  
  26  2:44  Probe  
  27  2:57  Probe  
  30  3:08  Pylon  
  30  3:09  Probe  
  31  3:14  Probe  
  32  3:21  Probe  
  32  3:23  Probe  
  34  3:33  Probe x2, Robotics Facility  
  35  3:37  Gateway  
  36  3:44  Probe  
  36  3:45  Probe  
  38  3:52  Probe  
  38  3:57  Probe  
  38  4:00  Probe  
  40  4:05  Pylon  
  40  4:06  Stalker x2  
  40  4:09  Probe  
  46  4:14  Probe  
  47  4:19  Assimilator  
  47  4:21  Probe  
  48  4:26  Probe, Pylon  
  48  4:30  Observer  
  50  4:33  Probe  
  50  4:36  Twilight Council  
  51  4:45  Probe x2, Assimilator  
  52  4:52  Immortal, Robotics Facility  
  57  5:01  Gateway  
  57  5:06  Probe x2  
  59  5:08  Blink  
  59  5:11  Stalker x3  
  65  5:24  Probe x2  
  67  5:31  Observer  
  68  5:36  Probe x2  
  68  5:42  Pylon  
  70  6:00  Observer, Probe  
  72  6:05  Pylon  
  72  6:12  Nexus  
  72  6:16  Pylon  
  72  6:18  Pylon  
  72  6:40  Gateway  
  72  6:41  Gateway  
  72  6:43  Probe  
  72  6:44  Probe  
  74  6:47  Assimilator  
  74  6:48  Assimilator  
  74  6:52  Forge  
  74  6:54  Forge  
  74  6:55  Probe  
  74  6:56  Gateway, Probe  
  74  6:57  Gateway  
  74  7:01  Gateway  
  76  7:03  Protoss Ground Weapons Level 1, Protoss Ground Armor Level 1  
  76  7:08  Templar Archives  
  76  7:10  Probe x2  
  78  7:22  Probe x2  
  80  7:42  Immortal x2  
  88  7:44  Stalker x3  
  88  7:45  Stalker x3  
  100  7:53  Gateway  
  100  8:09  High Templar x5  
  110  8:14  Archon x2  
  110  8:16  High Templar  
  112  8:20  Archon  
  112  8:21  Observer  
  113  8:27  Probe x2  
  113  8:28  Probe  
  116  8:40  Probe  
  117  8:46  Photon Cannon  
  117  8:47  Protoss Ground Weapons Level 2  
  117  8:48  Photon Cannon  
  117  8:55  Protoss Shields Level 1  
  117  9:00  Pylon  
  117  9:03  Pylon  
  117  9:11  Nexus  
  117  9:14  Pylon  
  117  9:17  Pylon  
  117  9:18  Probe x3  
  117  9:19  Sentry x2  
  124  9:29  Assimilator  
  124  9:30  Probe x3  
  127  9:34  Assimilator  
  127  9:36  Immortal  
  127  9:37  Immortal  
  135  9:42  Charge  
  135  9:54  High Templar  
  135  9:55  High Templar x4  
  135  9:59  Archon x2  
  145  10:20  Photon Cannon  
  145  10:23  Photon Cannon  
  145  10:24  Photon Cannon  
  145  10:25  Shield Battery  
  145  10:26  Shield Battery  
  145  10:27  Probe  
  145  10:28  Probe x2  
  148  10:29  Probe  
  149  10:37  Protoss Ground Armor Level 2  
  149  10:39  Zealot x5  
  149  10:40  Zealot x2  
  163  10:50  Shield Battery  
  163  10:52  Shield Battery  
  163  10:57  Pylon, Shield Battery  
  163  10:59  Shield Battery  
  163  11:01  Shield Battery  
  163  11:05  Shield Battery  
  163  11:26  Probe x2  
  163  11:27  Probe x2  
  163  11:30  Warp Prism  
  169  11:37  High Templar  
  171  11:44  Protoss Ground Weapons Level 3  
  171  11:52  Archon  
  171  11:57  Probe  
  172  12:08  Pylon  
  172  12:10  Stargate  
  172  12:13  Pylon  
  172  12:16  Pylon  
  172  12:22  Probe  
  172  12:26  Probe x2  
  174  13:08  Zealot x2  
  174  13:09  Zealot x8  
  158  13:49  Stalker  
  158  13:50  Stalker x9  
Show
View Real Time Build Order
Export as new Build Order

Madcoat Protoss 

Build Orders: Colossus Rush 

Get SALT Encoding   

  12  0:00  Probe  
  13  0:12  Probe  
  14  0:23  Pylon  
  14  0:24  Probe  
  15  0:38  Probe  
  16  0:46  Probe  
  16  0:47  Gateway  
  16  0:49  Assimilator  
  16  0:56  Probe  
  18  1:05  Gateway  
  18  1:07  Probe  
  19  1:15  Probe  
  19  1:21  Pylon  
  19  1:23  Probe  
  21  1:34  Probe  
  21  1:35  Cybernetics Core  
  22  1:46  Probe  
  22  1:58  Pylon  
  22  2:15  Robotics Facility  
  22  2:29  Stalker  
  24  2:35  Nexus  
  24  2:40  Assimilator  
  24  2:41  Assimilator  
  24  2:44  Pylon  
  24  2:54  Warp Gate  
  24  2:58  Probe  
  24  2:59  Adept  
  27  3:07  Probe  
  28  3:16  Probe  
  29  3:26  Probe  
  30  3:34  Probe  
  30  3:41  Warp Prism  
  31  3:44  Probe  
  34  3:51  Robotics Bay  
  34  3:55  Probe, Assimilator  
  35  3:56  Probe  
  36  4:07  Probe  
  37  4:27  Probe  
  37  4:28  Probe  
  38  4:35  Probe  
  38  4:36  Probe  
  39  4:38  Extended Thermal Lance  
  39  4:44  Probe  
  41  4:45  Probe  
  43  4:55  Observer  
  43  4:57  Probe  
  44  5:01  Pylon  
  44  5:03  Pylon  
  45  5:08  Forge  
  45  5:10  Twilight Council  
  45  5:15  Shield Battery  
  45  5:18  Pylon  
  45  5:20  Probe  
  45  5:23  Probe  
  47  5:28  Probe  
  47  5:32  Gateway  
  48  5:35  Gateway  
  48  5:36  Probe  
  48  5:38  Probe  
  48  5:42  Protoss Ground Weapons Level 1  
  50  5:43  Colossus  
  50  5:48  Probe  
  51  5:50  Probe  
  58  5:57  Gateway  
  58  6:00  Probe  
  59  6:24  Stargate  
  59  6:27  Stargate  
  59  6:28  Probe x2  
  59  6:30  Stargate  
  61  6:40  Probe  
  61  6:41  Immortal  
  66  6:55  Nexus  
  66  6:56  Shield Battery, Protoss Air Weapons Level 1  
  66  6:58  Photon Cannon, Assimilator  
  66  7:02  Assimilator  
  66  7:03  Pylon  
  66  7:04  Photon Cannon  
  66  7:06  Pylon  
  66  7:08  Stalker x2  
  70  7:18  Void Ray  
  74  7:23  Void Ray  
  74  7:36  Charge  
  78  7:38  Protoss Ground Weapons Level 2  
  78  8:03  Shield Battery  
  78  8:05  Photon Cannon, Probe x2  
  80  8:14  Photon Cannon x2  
  80  8:16  Photon Cannon  
  80  8:17  Probe  
  80  8:18  Photon Cannon  
  81  8:20  Photon Cannon  
  81  8:23  Void Ray  
  85  8:33  Shield Battery  
  85  8:35  Shield Battery, Protoss Air Armor Level 1  
  85  8:37  Shield Battery  
  85  8:38  Probe  
  85  8:39  Shield Battery  
  86  8:44  Probe  
  86  8:45  Probe  
  86  8:46  Probe  
  88  8:52  Probe  
  88  8:53  Probe  
  88  8:54  Probe  
  89  9:02  Probe  
  92  9:03  Probe  
  92  9:04  Probe  
  95  9:12  Void Ray x2  
  95  9:14  Probe  
  104  9:22  Fleet Beacon  
  104  9:29  Probe x3  
  104  9:31  Void Ray  
  111  9:48  Protoss Shields Level 1, Nexus  
  111  9:52  Assimilator  
  111  9:56  Assimilator  
  111  9:59  Void Ray  
  115  10:01  Pylon  
  115  10:07  Pylon x2  
  115  10:15  Probe x2  
  115  10:17  Protoss Air Weapons Level 2  
  115  10:19  Void Ray  
  115  10:20  Void Ray  
  125  10:33  Pylon  
  125  10:34  Photon Cannon  
  125  10:35  Photon Cannon  
  125  10:40  Photon Cannon  
  125  10:42  Probe x2  
  127  10:44  Photon Cannon, Void Ray  
  131  10:59  Templar Archives  
  131  11:00  Dark Shrine  
  131  11:10  Shield Battery  
  131  11:16  Pylon  
  131  11:20  Pylon  
  131  11:23  Photon Cannon  
  131  11:25  Photon Cannon, Shield Battery  
  131  11:26  Protoss Ground Weapons Level 3, Shield Battery  
  131  11:28  Shield Battery  
  131  11:29  Shield Battery  
  131  11:32  Void Ray x2  
  139  11:37  Psionic Storm  
  139  11:47  Observer  
  139  11:52  Gravitic Boosters  
  140  11:58  Mothership  
  140  12:00  Probe x2  
  150  12:02  Phoenix  
  152  12:15  Void Ray  
  156  12:17  Probe x2  
  156  12:20  Void Ray x2  
  166  12:49  Gateway  
  166  12:50  Gateway  
  166  12:52  Pylon  
  166  12:54  Gateway  
  166  12:55  Gateway  
  166  12:57  Void Ray  
  170  13:02  Void Ray  
  170  13:04  Void Ray  
  178  13:11  Stargate  
  178  13:12  Stargate  
  178  13:14  Stargate  
  178  13:18  Pylon  
  178  13:19  Pylon  
  177  13:40  Void Ray  
  165  13:44  Zealot x3  
  165  13:45  Zealot x4  
Tags
 
Composition
Archon Immortal
League
GoldGold
Matchup
PvP
Replay Pack
20190221
Spawn Locations
Cross Positions
Add a new tag
Caveats
  • Supply blocks, unpowered buildings, or Contaminate may cause inaccurate times.
  • Supply counts are checked every 10 seconds.